 Dungeon Crawl Stone Soup version 0.27.0-1-g7a089689b8 (webtiles) character file.

Game seed: 2206337127953688640

45 Descartes the Shield-Bearer (level 3, -1/29 HPs)
             Began as a Formicid Fighter on Aug 16, 2021.
             Slain by an adder (4 damage)
             ... on level 2 of the Dungeon.
             The game lasted 00:02:30 (1489 turns).

Descartes the Shield-Bearer (Formicid Fighter)      Turns: 1489, Time: 00:02:30

Health: -1/29      AC:  6    Str: 20    XL:     3   Next: 90%
Magic:  12/12      EV:  8    Int:  7    God:
Gold:   34         SH: 10    Dex: 11    Spells: 2/2 levels left

rFire    + . .     SeeInvis +   a - +0 war axe
rCold    . . .     Faith    .   c - +0 kite shield
rNeg     . . .     Spirit   .   b - +0 scale mail
rPois    .         Reflect  .   (helmet unavailable)
rElec    .         Harm     .   (no cloak)
rCorr    .         Rampage  .   (no gloves)
Will     .....                  (no boots)
Stlth    ..........             (no amulet)
HPRegen  0.09/turn              i - ring of magical power
MPRegen  0.13/turn              j - ring of protection from fire

@: lethally poisoned (-1 -> -3)
A: permanent stasis, dig shafts and tunnels, antennae 3, four strong arms
a: Dig, Shaft Self


You were on level 2 of the Dungeon.
You visited 1 branch of the dungeon, and saw 2 of its levels.

You collected 34 gold pieces.

Inventory:

Hand Weapons
 a - a +0 war axe (weapon)
Missiles
 e - 19 poisoned darts
 h - 20 stones
 k - 28 arrows
Armour
 b - a +0 scale mail (worn)
 c - a +0 kite shield (worn)
Jewellery
 i - a ring of magical power (left hand)
 j - a ring of protection from fire (right hand)
Scrolls
 f - a scroll of acquirement {unknown}
 g - a scroll of identify {unknown}
Potions
 d - 2 potions of might
 l - a potion of curing {unknown}


   Skills:
 - Level 3.2 Fighting
 - Level 2.0 Axes
 - Level 3.2 Armour
 + Level 5.5 Shields


You had 2 spell levels left.
You didn't know any spells.
Your spell library contained the following spells:

 Spells                   Type           Power      Damage    Failure   Level
 Ensorcelled Hibernation  Hex/Ice        0%         N/A       99%         2
 Spider Form              Tmut/Pois      0%         N/A       100%        3
 Shadow Creatures         Summ           N/A        N/A       100%        6


Dungeon Overview and Level Annotations

Branches:
Dungeon (2/15)

Altars:
Beogh

Shops:
D:2 *:**


Innate Abilities, Weirdness & Mutations

You cannot be hasted, slowed, berserked, paralysed or teleported.
You can dig through walls and to a lower floor.
You have a pair of large antennae on your head. (SInv)
Your four strong arms can wield two-handed weapons with a shield.


Message History

You are too injured to fight recklessly!
You are too injured to fight recklessly!
You are too injured to fight recklessly!
You are too injured to fight recklessly!
You are too injured to fight recklessly!
You are too injured to fight recklessly!
You are too injured to fight recklessly!
You are too injured to fight recklessly!
You are too injured to fight recklessly!
You are too injured to fight recklessly!
You are too injured to fight recklessly!
You are too injured to fight recklessly!
You are too injured to fight recklessly!
You are too injured to fight recklessly!
You are too injured to fight recklessly!
You miss the adder.
The adder is almost dead.
You feel sick. The adder bites you but does no damage. The adder bites you.
You miss the adder.
The adder is almost dead.
You feel sick. The adder bites you but does no damage.
You closely miss the adder.
The adder is almost dead.
You feel sick.
You are no longer poisoned.
The adder bites you.
* * * LOW HITPOINT WARNING * * *
The adder bites you.
* * * LOW HITPOINT WARNING * * *
You are poisoned.
The adder poisons you! The adder closely misses you.
You closely miss the adder.
The adder is almost dead.
* * * LOW HITPOINT WARNING * * *
You feel sick. You block the adder's attack.
You closely miss the adder.
The adder is almost dead.
* * * LOW HITPOINT WARNING * * *
You feel sick. The adder bites you but does no damage. The adder bites you.
You die...

........#. #.#
#.... #.# #...
. #.# .. #.#
... #.# ...
#.# . .. #.#
....#.##.#####
#..S@.....#
#...†.....#
#.........#
#.........#
#.........#
#.........#
#.........#
###########


You could see an adder.

Vanquished Creatures
  A worm (D:2)
  3 bats
  5 endoplasms
  6 goblins (D:1)
  5 hobgoblins
  8 jackals (D:1)
  A quokka (D:2)
  2 ball pythons (D:1)
  2 frilled lizards (D:2)
  A kobold (D:1)
  2 rats
36 creatures vanquished.

Notes
Turn   | Place    | Note
-------+----------+-------------------------------------------
     0 | D:1      | Descartes the Formicid Fighter began the quest for the Orb.
     0 | D:1      | Reached XP level 1. HP: 18/18 MP: 1/1
    47 | D:1      | Noticed an orc priest
    47 | D:1      | Noticed an orc warrior
    48 | D:1      | Noticed an orc wizard
    49 | D:1      | Noticed an orc priest
    92 | D:1      | Reached skill level 4 in Shields
   123 | D:1      | Found a faded altar of an unknown god.
   129 | D:1      | Reached XP level 2. HP: 24/24 MP: 2/2
   561 | D:1      | Reached XP level 3. HP: 28/29 MP: 3/3
   668 | D:1      | Reached skill level 5 in Shields
  1168 | D:2      | Found Gomiseg's Book Boutique.
  1186 | D:2      | Found Nail's Assorted Antiques.
  1321 | D:2      | Found Uha Juyg's General Store.
  1396 | D:2      | Found Ponwiavoe's Assorted Antiques.
  1489 | D:2      | Slain by an adder

Illustrated notes

Levels and vault maps discovered:
D:1:      erik_arrival_cave_to_civilisation [erik_arrival_cave_to_temple],
          layout_basic, ebering_ecumenical_altar_abandoned
D:2:      layout_rooms, serial_shops, nicolae_shop_trees, nicolae_diamond_shop,
          nicolae_shop_temple_entry_statues_fountains, shop, nicolae_shop_stone

Skill      XL: |  1  2  3 |
---------------+----------+-----
Shields        | 4 5 |  5.5
Fighting       | |  3.2
Axes           | |  2.0
Armour         | |  3.2

Action                   || total
-------------------------++-------
Melee: War axe           ||   119
Armor: Scale mail        ||    46
Dodge: Dodged            ||    36
Block: Kite shield       ||    63
